AoeStats
← RedPhosphoru

Arabian Desert

510217484Analyzed
1v1 RM · 2d ago on Sep 30, 2026· 46m 46s· 2 players
Game mode
Random Map
Map size
Tiny (2 player)
Population
200
Speed
Normal
Resources
Standard
Victory
Conquest
Starting age
Dark Age
Ending age
Imperial Age
RankedLock teamsTeams togetherTeam positionsShared explorationLock speedFull tech treeHidden civsTurbo modeCheats
Victory
Defeat
🇧🇷 Varangians · Brazil
1982
+29
🇺🇸 Bohemians · United States
2375
-29
RedPhosphoru
7:23 Loom
9:29 Feudal Age
13:22 Castle Age
24:27 Sanctity
25:18 Redemption
27:12 Fervor
sacaninha
6:04 Loom
8:35 Feudal Age
8:43 Man-at-Arms
14:13 Fletching
21:41 Castle Age
27:33 Scale Barding Armor
27:25 Double-Bit Axe
28:05 Light Cavalry
28:37 Town Watch
31:13 Chain Barding Armor
36:30 Bloodlines
Connection lost

Rejoining the realm…

Still unreachable

The connection could not be restored.

Session expired

The server has moved on; the page needs a fresh start.